 Dungeon Crawl Stone Soup version 0.28-a0-863-g8cecda6153 (webtiles) character file.

Game seed: 16043706871895155239

4100 AvatarAndi78 the Cleaver (level 10, -6/77 HPs)
             Began as a Demonspawn Berserker on Nov 18, 2021.
             Was a Priest of Trog.
             Mangled by a wight (14 damage)
             ... on level 7 of the Dungeon.
             The game lasted 00:14:55 (5452 turns).

AvatarAndi78 the Cleaver (Demonspawn Berserker)     Turns: 5452, Time: 00:14:56

Health: -6/77      AC: 18    Str: 20    XL:     10   Next: 6%
Magic:  10/10      EV:  4    Int: 15    God:    Trog [***...]
Gold:   233        SH:  7    Dex: 14    Spells: 9/9 levels left

rFire   . . .      SeeInvis .   f - +8 war axe "Hoewotoica" {venom, Fragile rPois Int+7}
rCold   . . .      Faith    .   s - +0 kite shield
rNeg    . . .      Spirit   .   r - +0 plate armour
rPois   +          Reflect  .   (helmet restricted)
rElec   .          Harm     .   k - +0 cloak
rCorr   .          Rampage  .   (no gloves)
Will    ++...                   o - +1 pair of boots
Stlth   ..........              e - amulet of regeneration
HPRegen 2.22/turn               n - ring of poison resistance
MPRegen 0.12/turn               (no ring)

@: mighty, about to teleport, marked, strong-willed, on berserk cooldown,
regenerating, slowed, very slow
A: antennae 2, slimy green scales 1, spiny 1, demonic magic 1
a: Renounce Religion, Berserk, Trog's Hand


You were on level 7 of the Dungeon.
You worshipped Trog.
Trog was most pleased with you.
You visited 1 branch of the dungeon, and saw 7 of its levels.

You collected 233 gold pieces.

Inventory:

Hand Weapons
 b - a +2 dagger of venom
 f - the +8 war axe "Hoewotoica" (weapon) {venom, Fragile rPois Int+7}
   (You found it on level 4 of the Dungeon)

   It poisons the flesh of those it strikes.
   Int:       It affects your intelligence (+7).
   rPois:     It protects you from poison.
   Fragile:   It will be destroyed if unequipped.
 j - a +3 quarterstaff of chaos
Armour
 g - a +1 leather armour of fire resistance
 k - a +0 cloak (worn)
 o - a +1 pair of boots (worn)
 r - a +0 plate armour (worn)
 s - a +0 kite shield (worn)
Jewellery
 e - an amulet of regeneration (around neck)
 n - a ring of poison resistance (left hand)
Scrolls
 c - 2 scrolls of enchant weapon
 d - a scroll of identify
 p - a scroll of teleportation
 q - 2 scrolls of magic mapping
Potions
 i - a potion of curing
 l - 3 potions of resistance
 m - a potion of ambrosia
 u - a potion of flight {unknown}


   Skills:
 + Level 6.7 Fighting
 + Level 2.2 Short Blades
 + Level 9.0 Axes
 + Level 3.2 Staves
 + Level 5.6 Armour
 + Level 4.0 Dodging
 + Level 3.5 Stealth
 + Level 0.2 Shields


You had 9 spell levels left.
You didn't know any spells.
Your spell library was empty.

Dungeon Overview and Level Annotations

Branches:
Dungeon (7/15)             Temple (0/1) D:6

Altars:
Fedhas
Kikubaaqudgha
Sif Muna


Innate Abilities, Weirdness & Mutations

You have a pair of antennae on your head.
You are partially covered in slimy green scales. (AC +2)
You are partially covered in sharp spines.
Spells you cast may paralyse adjacent enemies.


Message History

The death knight seems to regain its courage.
The death knight's dark mirror aura disappears.
The howler monkey hoots and howls with incredible vigour!
You block the wight's attack.
You closely miss the howler monkey.
The howler monkey is lightly wounded.
You hit the wight. You slash the wight!
You destroy the wight!
Trog accepts your kill.
The howler monkey hits you but does no damage.
The wight is struck by your spines.
The wight hits you with a +4 short sword.
* * * LOW HITPOINT WARNING * * *
The wight is struck by your spines. The wight hits you but does no damage.
The howler monkey hits you.
* * * LOW HITPOINT WARNING * * *
The wight hits you but does no damage. The wight is struck by your spines.
The wight hits you with a +4 short sword.
* * * LOW HITPOINT WARNING * * *
Your skin crawls.
You feel strong-willed.
The howler monkey is struck by your spines.
The howler monkey hits you but does no damage.
The wight is struck by your spines.
You destroy the wight!
Trog accepts your kill.
The howler monkey is struck by your spines.
The howler monkey hits you but does no damage.
The wight hits you with a +0 great sword!
* * * LOW HITPOINT WARNING * * *
Okay, then.
As you read the scroll of teleportation, it crumbles to dust.
You feel strangely unstable.
The howler monkey hits you but does no damage.
You block the wight's attack. x2; You block the death knight's attack.
A gargoyle comes into view. It is wielding a +0 mace.
The howler monkey hoots and howls with incredible vigour!
The wight is struck by your spines.
The wight hits you with a +0 great sword!
You die...

#.###########.#
#####.#...........#
....>...###########
###.....# #9(..{.
###.#...# #9#####
.[......#####.# #
###W##......W.#####
##zW.99.9.......#
#@hp...########.#
#.#z#.).## #
......>#))#
#)#.#.#5†))#
..).#...#.....
....#....#.......
..#.........#.###.#
#... #....## .# # .
# .#


You could see a death knight, a freezing wraith, a wraith, 3 gargoyles, a howler
monkey (catching breath), 2 wights and a white imp.

Vanquished Creatures
  Harold (D:7)
  A two-headed ogre (D:6)
  Sigmund (D:2)
  A steam dragon (D:6)
  Edmund (D:5)
  Duvessa (D:7)
  An ice beast (D:6)
  A black bear (D:5)
  A sky beast (D:6)
  A necrophage (D:6)
  2 orc warriors
  An ogre (D:3)
  A phantom (D:6)
  3 kobold brigands
  2 bullfrogs
  4 scorpions
  2 wyvern skeletons
  Dowan (D:7)
  2 wights (D:7)
  6 howler monkeys
  A bullfrog zombie (D:6)
  3 hounds
  A centaur skeleton (D:6)
  A jelly (D:7)
  An orc priest (D:6)
  Crazy Yiuf (D:2)
  2 bullfrog skeletons (D:5)
  A gnoll shaman (D:6)
  3 iguanas
  2 killer bee zombies
  A howler monkey zombie (D:6)
  4 adders
  3 gnolls (D:3)
  2 howler monkey skeletons
  A shadow imp (D:6)
  2 white imps (D:6)
  2 ufetubi (D:6)
  A worm (D:2)
  3 dart slugs
  20 orcs
  8 ball pythons
  4 bats
  5 endoplasms
  A giant cockroach (D:1)
  6 goblins
  4 hobgoblins
  23 kobolds
  3 quokkas
  3 frilled lizards
  3 rats (D:1)
149 creatures vanquished.

Notes
Turn   | Place    | Note
-------+----------+-------------------------------------------
     0 | D:1      | AvatarAndi78 the Demonspawn Berserker began the quest for
                  | the Orb.
     0 | D:1      | Reached XP level 1. HP: 18/18 MP: 1/1
   346 | D:1      | Gained mutation: You have a pair of small antennae on your
                  | head. [demonic ancestry]
   346 | D:1      | Reached XP level 2. HP: 22/24 MP: 2/2
   649 | D:1      | Reached skill level 3 in Axes
  1128 | D:2      | Gained mutation: You are partially covered in sharp spines.
                  | [demonic ancestry]
  1128 | D:2      | Reached XP level 3. HP: 24/29 MP: 3/3
  1175 | D:2      | Found a faded altar of an unknown god.
  1286 | D:2      | Noticed Sigmund
  1296 | D:2      | Killed Sigmund
  1297 | D:2      | Reached skill level 4 in Axes
  1297 | D:2      | Reached XP level 4. HP: 16/37 MP: 4/4
  1297 | D:2      | Gained mutation: Spells you cast may paralyse adjacent
                  | enemies. [demonic ancestry]
  1297 | D:2      | Reached XP level 5. HP: 18/42 MP: 5/5
  1530 | D:2      | Reached skill level 1 in Short Blades
  1792 | D:2      | Found a runed translucent door.
  1793 | D:2      | Noticed Crazy Yiuf
  2088 | D:2      | Killed Crazy Yiuf
  2094 | D:2      | HP: 2/42 [poisoned by Crazy Yiuf]
  2444 | D:3      | Noticed an ogre
  2450 | D:3      | Killed an ogre
  2451 | D:3      | Reached XP level 6. HP: 48/48 MP: 6/6
  2654 | D:3      | Found an ancient bone altar of Kikubaaqudgha.
  2761 | D:3      | Reached ** piety under Trog
  3418 | D:4      | Identified the +8 war axe "Hoewotoica" {venom, Fragile
                  | rPois Int+7}
  3453 | D:4      | Reached skill level 1 in Staves
  3521 | D:4      | Noticed an orc warrior
  3533 | D:4      | Killed an orc warrior
  3534 | D:4      | Reached XP level 7. HP: 26/55 MP: 7/7
  3687 | D:4      | You fall into a shaft and drop 2 floors!
  3695 | D:6      | Reached skill level 1 in Stealth
  3861 | D:6      | Gained mutation: You are partially covered in slimy green
                  | scales. (AC +2) [demonic ancestry]
  3861 | D:6      | Reached XP level 8. HP: 61/61 MP: 8/8
  3913 | D:6      | Reached skill level 5 in Axes
  4024 | D:5      | Entered Level 5 of the Dungeon
  4114 | D:5      | Found a shimmering blue altar of Sif Muna.
  4122 | D:5      | Reached skill level 5 in Fighting
  4259 | D:5      | Noticed Edmund
  4266 | D:5      | Killed Edmund
  4718 | D:6      | Found a blossoming altar of Fedhas.
  4741 | D:6      | Reached skill level 6 in Axes
  5023 | D:6      | Reached *** piety under Trog
  5066 | D:6      | Reached XP level 9. HP: 68/68 MP: 9/9
  5077 | D:6      | Reached skill level 7 in Axes
  5091 | D:6      | Noticed a two-headed ogre
  5097 | D:6      | Killed a two-headed ogre
  5098 | D:6      | Reached skill level 5 in Armour
  5230 | D:6      | Found a staircase to the Ecumenical Temple.
  5269 | D:7      | Reached skill level 8 in Axes
  5315 | D:7      | Noticed Duvessa
  5315 | D:7      | Noticed Dowan
  5320 | D:7      | Killed Duvessa
  5329 | D:7      | Killed Dowan
  5412 | D:7      | Noticed Harold
  5432 | D:7      | Killed Harold
  5433 | D:7      | Gained mutation: You have a pair of antennae on your head.
                  | [demonic ancestry]
  5433 | D:7      | Reached XP level 10. HP: 55/77 MP: 10/10
  5435 | D:7      | Reached skill level 9 in Axes
  5442 | D:7      | Noticed a gargoyle
  5443 | D:7      | Noticed a death knight
  5444 | D:7      | Noticed a gargoyle
  5452 | D:7      | Noticed a gargoyle
  5452 | D:7      | Mangled by a wight

Illustrated notes

Levels and vault maps discovered:
D:1:      lightli_arrival_statue_moat, layout_loops_cross
D:2:      layout_basic, shapermc_ecumenical_altar_totnotflames,
          uniq_crazy_yiuf_cottage, uniq_sigmund
D:3:      layout_basic, general_overflow_altar, st_stairs_13
D:4:      layout_cave_pools, serial_forest, infiniplex_forest_corner_2,
          infiniplex_forest_split, infiniplex_forest_lined_1,
          infiniplex_forest_lined_corner, infiniplex_forest_zigzag_1,
          infiniplex_forest_fountain, infiniplex_forest_straight_2,
          infiniplex_forest_straight_4
D:5:      layout_basic, nicolae_overflow_crystal_walls, hangedman_glass_teeth,
          minivault_27, uniq_edmund
D:6:      wad_guarded_room, layout_loops_ring, fedhas_altar_2,
          minmay_temple_entry_enclosed_plants, minmay_misc_feat_ornament
D:7:      cheibrodos_statue_roulette, layout_loops_ring, minmay_small_thing,
          uniq_menkaure, uniq_duvessa, uniq_harold

Skill      XL: |  1  2  3  4  5  6  7  8  9 10 |
---------------+-------------------------------+-----
Dodging        | 2 3 4 |  4.0
Axes           | 3 4 6 8 9 |  9.0
Armour         | 2 3 4 5 |  5.6
Fighting       | 4 5 6 |  6.7
Short Blades   | 1 2 |  2.2
Staves         | 1 2 3 |  3.2
Stealth        | 1 3 |  3.5
Shields        | |  0.2

Action                   |  1- 3 |  4- 6 |  7- 9 | 10-12 || total
-------------------------+-------+-------+-------+-------++-------
Melee: Hand axe          |    52 |       |       |       ||    52
       Dagger            |    23 |    28 |       |       ||    51
       Quarterstaff      |       |    30 |       |       ||    30
       War axe           |       |    11 |   155 |     6 ||   172
Invok: Berserk           |       |     2 |     2 |       ||     4
       Trog's Hand       |       |     1 |     2 |     1 ||     4
  Use: Potion            |       |     6 |       |     1 ||     7
       Scroll            |       |     5 |     5 |     3 ||    13
 Stab: Sleeping          |       |       |     2 |       ||     2
Armor: Animal skin       |    18 |       |       |       ||    18
       Leather armour    |     4 |     1 |    25 |       ||    30
       Ring mail         |       |    11 |       |       ||    11
       Plate armour      |       |       |    42 |    13 ||    55
Dodge: Dodged            |    43 |    24 |    83 |     2 ||   152
Block: Kite shield       |       |       |    14 |     8 ||    22

Table legend: (Time is in decaauts)
 A = Elapsed time spent in this place.
 B = Non-inter-level travel time spent in this place.
 C = Inter-level travel time spent in this place.
 D = Time resting spent in this place.
 E = Time spent auto-exploring this place.
 F = Levels seen in this place.
 G = Mean time per level.
                   A        B        C        D        E       F      G
               +--------+--------+--------+--------+--------+-----+--------+
         Total |   5548 |   5340 |    208 |      0 |   4158 |   7 |  792.6 |
       Dungeon |   5548 |   5340 |    208 |      0 |   4158 |   7 |  792.6 |
               +--------+--------+--------+--------+--------+-----+--------+

Top non-repeatable levels by time:
     D:2: 1512 daAuts
     D:6: 944 daAuts
     D:1: 912 daAuts
     D:3: 835 daAuts
     D:5: 668 daAuts
     D:4: 467 daAuts
     D:7: 207 daAuts
